 Dungeon Crawl Stone Soup version 0.21.0-3-g78d12a8 (webtiles) character file.

112 nuthulu the Shield-Bearer (level 4, -13/28 HPs)
             Began as a Gargoyle Fighter on Jan 10, 2018.
             Engulfed by a cloud of flame (26 damage)
             ... on level 3 of the Dungeon.
             The game lasted 00:04:55 (1869 turns).

nuthulu the Shield-Bearer (Gargoyle Fighter)        Turns: 1869, Time: 00:04:56

Health: -13/28     AC: 14    Str: 20    XL:     4   Next: 95%
Magic:  4/4        EV:  7    Int:  8    God:
Gold:   82         SH:  9    Dex: 10    Spells: 3/3 levels left

rFire    . . .     SeeInvis .   a - +0 flail
rCold    . . .     Gourm    .   c - +0 shield
rNeg     + . .     Faith    .   b - +0 scale mail
rPois    ∞         Spirit   .   l - +0 helmet
rElec    +         Reflect  .   (no cloak)
rCorr    .         Harm     .   (no gloves)
MR       .....                  j - +2 pair of boots
Stlth    ..........             e - amulet of regeneration
HPRegen  0.49/turn              (no ring)
MPRegen  0.09/turn              (no ring)

@: no status effects
A: negative energy resistance 1, electricity resistance, unbreathing,
petrification resistance, rot immunity, AC +3
a: no special abilities


You were on level 3 of the Dungeon.
You were not hungry.

You visited 1 branch of the dungeon, and saw 3 of its levels.

You collected 82 gold pieces.

Inventory:

Hand Weapons
 a - a +0 flail (weapon)
Armour
 b - a +0 scale mail (worn)
 c - a +0 shield (worn)
 j - a +2 pair of boots (worn)
 l - a +0 helmet (worn)
Jewellery
 e - an amulet of regeneration (around neck)
Scrolls
 m - 2 scrolls of teleportation
 n - 2 scrolls of fog
Potions
 d - 2 potions of might
 h - a potion of heal wounds
 k - a potion of berserk rage
 o - a potion of lignification
Comestibles
 f - 6 rations


   Skills:
 - Level 3.2 Fighting
 + Level 3.7 Maces & Flails
 - Level 3.2 Armour
 + Level 4.8 Shields


You had 3 spell levels left.
You didn't know any spells.

Dungeon Overview and Level Annotations

Branches:
Dungeon (3/15)

Altars:
Cheibriados


Innate Abilities, Weirdness & Mutations

You are resistant to torment.
Your stone body is resilient. (AC +3)
You are immune to poison.
You resist negative energy. (rN+)
You are resistant to electric shocks. (rElec)
You can survive without breathing.
You are immune to petrification.
You are immune to rotting.


Message History

The leopard gecko hisses angrily.
As you read the scroll labeled NUNUTYGEAD, it crumbles to dust.
The creatures around you are filled with an inner flame!
It was a scroll of immolation.
The leopard gecko hisses menacingly.
Firing (i - inventory): No suitable missiles.
Press: ? - help, Shift-Dir - straight line, f - leopard gecko
Aim: a leopard gecko (clinging, inner flame)
Okay, then.
The leopard gecko hisses menacingly.
You block the leopard gecko's attack.
You completely miss the leopard gecko.
The leopard gecko bites you but does no damage.
You thump the leopard gecko!
The leopard gecko explodes!
The fiery explosion engulfs you!
Ouch! That really hurt!
You are engulfed in blazing flames.
Ouch! That really hurt!
You die...

#..... #..## ##....#
###.## #...... ##.###
#......####### #####
#...# #...#.....# #.#.##
##.#.#
#..###>###.##.###.##.#
#...%...<...##...###.#
#...##§###..###### #.#
#......§@...# #.#
#.#.#######.# #.# #.#.#.#
#.# #.# #..#.#######.###
#.# ##....).##.)...# #.#
#....##.##.###.######.#
........#....# #.>......#
###.....####.###.########
####..# #.........#


There were no monsters in sight!

Vanquished Creatures
  A worker ant (D:3)
  3 adders
  2 dart slugs (D:1)
  2 leopard geckos
  A ball python (D:2)
  4 giant cockroaches
  6 hobgoblins
  5 jackals
  2 quokkas
  4 bats
  5 frilled lizards
  5 goblins
  4 kobolds
  17 rats
61 creatures vanquished.

Notes
Turn   | Place    | Note
-------+----------+-------------------------------------------
     0 | D:1      | nuthulu the Gargoyle Fighter began the quest for the Orb.
     0 | D:1      | Reached XP level 1. HP: 14/14 MP: 1/1
   105 | D:1      | Reached XP level 2. HP: 18/19 MP: 2/2
   523 | D:1      | Reached XP level 3. HP: 23/23 MP: 3/3
   641 | D:1      | Reached skill level 4 in Shields
  1078 | D:2      | Reached XP level 4. HP: 28/28 MP: 4/4
  1139 | D:2      | Found a snail-covered altar of Cheibriados.
  1869 | D:3      | Engulfed by a cloud of flame

Skill      XL: |  1  2  3 |
---------------+----------+-----
Shields        | 4 |  4.8
Maces & Flails | 3 |  3.7
Fighting       | |  3.2
Armour         | |  3.2

Action                   |  1- 3 |  4- 6 || total
-------------------------+-------+-------++-------
Melee: Flail             |   151 |    89 ||   240
  Use: Scroll            |     4 |     3 ||     7
  Eat: Chunk             |     1 |     3 ||     4
Armor: Scale mail        |   114 |    44 ||   158
Dodge: Dodged            |    49 |    29 ||    78
Block: Shield            |    98 |    41 ||   139
